 Dungeon Crawl Stone Soup version 0.29-a0-369-gd956c00756 (webtiles) character file.

Game seed: 8738113032862321865

1227 siradein the Purveyor of Pain (level 8, -8/41 HPs)
             Began as a Vampire Necromancer on May 2, 2022.
             Was an Initiate of Kikubaaqudgha.
             Mangled by Menkaure (19 damage)
             ... on level 7 of the Dungeon.
             The game lasted 00:27:49 (6387 turns).

siradein the Purveyor of Pain (Vampire Necromancer) Turns: 6387, Time: 00:27:52

Health: -8/41      AC:  4    Str:  7    XL:     8   Next: 23%
Magic:  18/18      EV: 12    Int: 20    God:    Kikubaaqudgha [......]
Gold:   288        SH:  0    Dex: 14    Spells: 8/20 levels left

rFire   + . .      SeeInvis +   t - +2 hunting sling (flame)
rCold   + + .      Faith    .   (no shield)
rNeg    + + +      Spirit   .   E - +0 robe {Will+}
rPois   ∞          Reflect  .   i - +0 helmet
rElec   .          Harm     .   (no cloak)
rCorr   .          Rampage  .   s - +0 pair of gloves
Will    +....                   (no boots)
Stlth   ++++......              (no amulet)
HPRegen 0.00/turn               n - ring of protection from fire
MPRegen 0.16/turn               G - ring of wizardry

@: bloodless, inhibited regen
A: bloodless, fangs 3, see invisible, vampiric 2
a: Bat Form, Revivify, Renounce Religion


You were on level 7 of the Dungeon.
You worshipped Kikubaaqudgha.
Kikubaaqudgha was noncommittal.
You visited 2 branches of the dungeon, and saw 8 of its levels.

You collected 288 gold pieces.

Inventory:

Hand Weapons
 t - a +2 hunting sling of flaming (weapon)
 u - a +3 short sword
Missiles
 o - 2 throwing nets
Armour
 i - a +0 helmet (worn)
 s - a +0 pair of gloves (worn)
 E - a +0 robe of willpower (worn)
Jewellery
 n - a ring of protection from fire (left hand)
 y - a ring of protection from cold
 G - a ring of wizardry (right hand)
Wands
 w - a wand of digging (4)
 F - a wand of flame (20)
Scrolls
 a - a scroll of magic mapping {unknown}
 c - 2 scrolls of brand weapon
 e - a scroll of vulnerability {unknown}
 g - 2 scrolls of immolation {unknown}
 h - a scroll of amnesia {unknown}
 q - 3 scrolls of noise {unknown}
 x - a scroll of enchant weapon {unknown}
 A - 3 scrolls of fear
 C - 2 scrolls of teleportation
 D - a scroll of summoning {unknown}
Potions
 b - a potion of magic
 d - 3 potions of might
 f - 4 potions of mutation
 j - 2 potions of degeneration {unknown}
 k - a potion of cancellation {unknown}
 l - 5 potions of attraction {unknown}
 m - 2 potions of ambrosia {unknown}
 p - a potion of heal wounds {unknown}
 r - 3 potions of curing {unknown}
 v - 4 potions of flight {unknown}
 z - a potion of invisibility {unknown}
 B - 2 potions of haste {unknown}


   Skills:
 - Level 2.1 Dodging
 - Level 3.0 Stealth
 + Level 6.7 Spellcasting
 + Level 8.9 Necromancy


You had 8 spell levels left.
You knew the following spells:

 Your Spells              Type           Power      Damage    Failure   Level
a - Pain                  Necr           100%       1d9       1%          1
b - Vampiric Draining     Necr           42%        2d9       1%          3
c - Animate Dead          Necr           21%        N/A       1%          4
d - Blink                 Tloc           12%        N/A       6%          2
e - Passwall              Tmut/Erth      5%         N/A       6%          2

Your spell library contained the following spells:

 Spells                   Type           Power      Damage    Failure   Level
 Animate Skeleton         Necr           84%        N/A       1%          1
 Agony                    Necr           42%        N/A       2%          5
 Apportation              Tloc           12%        N/A       4%          1
 Slow                     Hex            24%        N/A       4%          1
 Confusing Touch          Hex            6%         N/A       12%         3
 Inner Flame              Hex/Fire       6%         N/A       12%         3
 Lesser Beckoning         Tloc           6%         N/A       12%         3
 Summon Guardian Golem    Hex/Summ       6%         N/A       12%         3
 Alistair's Intoxication  Tmut/Pois      4%         N/A       69%         5
 Manifold Assault         Tloc           6%         N/A       69%         5
 Yara's Violent Unravell  Hex/Tmut       3%         3d4       69%         5
 Statue Form              Tmut/Erth      4%         N/A       99%         6
 Orb of Destruction       Conj           3%         9d5       100%        7
 Spellforged Servitor     Conj/Summ      3%         N/A       100%        7


Dungeon Overview and Level Annotations

Branches:
Dungeon (7/15)             Temple (1/1) D:4

Altars:
Elyvilon
Kikubaaqudgha
Sif Muna
Zin
The Shining One

Annotations:
D:4 1 runed translucent door, 2 transporters, Crazy Yiuf; bande's ghost, amateur GrFi
D:7 Menkaure


Innate Abilities, Weirdness & Mutations

You do not regenerate when monsters are visible.
You are frail without blood (-20% HP).
You can heal yourself when you bite living creatures.
You are immune to poison.
You have razor-sharp teeth.
You have supernaturally acute eyesight. (SInv)
You are afflicted with vampirism and can become a bat while bloodless.


Message History

A jelly comes into view.
Found 12 gold pieces.
You shoot a sling bullet. The sling bullet hits the jelly.
The sling bullet burns the jelly.
The jelly quivers.
The jelly is heavily wounded.
You shoot a sling bullet. The sling bullet hits the jelly!
The sling bullet burns the jelly.
You kill the jelly!
Kikubaaqudgha accepts your kill.
No target in view!
You now have 288 gold pieces (gained 12).
You open the door.
Menkaure, Prince of Dust comes into view.
You shoot a sling bullet. The sling bullet hits Menkaure.
The sling bullet burns Menkaure.
Menkaure shouts!
Menkaure is lightly damaged.
You shoot a sling bullet.
The sling bullet hits Menkaure but does no damage.
Menkaure is lightly damaged.
Menkaure barely misses you.
You shoot a sling bullet. The sling bullet hits Menkaure!
The sling bullet burns Menkaure.
Menkaure is severely damaged.
Menkaure gestures wildly while chanting.
Menkaure seems to speed up.
You shoot a sling bullet. The sling bullet hits Menkaure.
The sling bullet burns Menkaure.
Menkaure is severely damaged.
Menkaure closely misses you. Menkaure hits you!
You shoot a sling bullet. The sling bullet hits Menkaure.
The sling bullet burns Menkaure.
Menkaure is severely damaged.
Menkaure hits you!!
Ouch! That really hurt!
* * * LOW HITPOINT WARNING * * *
Menkaure hits you!!
You die...
Kikubaaqudgha rasps: "You have failed me!
Welcome... oblivion!"

# ###### #######
######....# '.....#
#....#....+ #.....#
...#....# #######
####M#....# ......#
#^...@....# ......#
+.........# ......#
#.........#
......######.........#
....[............#####
.#####†..........#
.#...#...........#
.#...#...........#
.#...###'###.....+


You could see Menkaure (fast).

Vanquished Creatures
  Edmund (D:6)
  A water moccasin (D:5)
  A black bear (D:7)
  A centaur (D:6)
  A kobold brigand (D:6)
  4 scorpions
  A jelly (D:7)
  2 orc priests
  A gnoll shaman (D:5)
  Ijyb (D:3)
  8 orc wizards
  4 gnolls (D:5)
  5 adders
  A worm (D:3)
  A dart slug (D:3)
  11 orcs
  2 ball pythons
  14 endoplasms
  20 giant cockroaches
  5 goblins
  3 hobgoblins (D:1)
  3 jackals (D:3)
  7 kobolds
  7 quokkas
  3 frilled lizards (D:3)
  6 rats
114 creatures vanquished.

Notes
Turn   | Place    | Note
-------+----------+-------------------------------------------
     0 | D:1      | siradein the Vampire Necromancer began the quest for the
                  | Orb.
     0 | D:1      | Reached XP level 1. HP: 13/13 MP: 3/3
   158 | D:1      | Reached XP level 2. HP: 15/15 MP: 1/5
   999 | D:2      | Reached skill level 5 in Necromancy
   999 | D:2      | Gained mutation: You are afflicted with vampirism and can
                  | become a bat while bloodless. [Vampire growth]
   999 | D:2      | Reached XP level 3. HP: 17/19 MP: 2/7
  1451 | D:2      | Learned a level 3 spell: Vampiric Draining
  1897 | D:3      | Reached XP level 4. HP: 24/24 MP: 3/8
  1998 | D:3      | Noticed Ijyb
  2004 | D:3      | Killed Ijyb
  2148 | D:3      | Found a faded altar of an unknown god.
  2260 | D:3      | Reached XP level 5. HP: 28/28 MP: 2/10
  2305 | D:3      | Reached skill level 6 in Necromancy
  2358 | D:3      | Found a shimmering blue altar of Sif Muna.
  2932 | D:4      | Found a staircase to the Ecumenical Temple.
  2941 | Temple   | Entered the Ecumenical Temple
  2954 | Temple   | Became a worshipper of Kikubaaqudgha
  3103 | D:4      | Reached XP level 6. HP: 14/32 MP: 1/12
  3600 | D:4      | Got Caapsuh's Reference Book on Earthen Curses
  3855 | D:4      | You fall into a shaft and drop 1 floor!
  3855 | D:5      | Entered Level 5 of the Dungeon
  3861 | D:5      | Learned a level 4 spell: Animate Dead
  3864 | D:5      | Learned a level 2 spell: Blink
  4035 | D:4      | Found a runed translucent door.
  4036 | D:4      | Noticed Crazy Yiuf
  4165 | D:4      | Found a transporter.
  4165 | D:4      | Found a transporter.
  4165 | D:4      | Noticed bande's ghost (amateur GrFi)
  4337 | D:5      | Reached skill level 5 in Spellcasting
  4337 | D:5      | Reached skill level 7 in Necromancy
  4340 | D:5      | Learned a level 2 spell: Passwall
  4393 | D:5      | Reached XP level 7. HP: 36/36 MP: 8/14
  5470 | D:6      | Reached skill level 8 in Necromancy
  5833 | D:6      | Noticed Edmund
  5979 | D:6      | Killed Edmund
  5980 | D:6      | Reached XP level 8. HP: 39/41 MP: 1/17
  6382 | D:7      | Noticed Menkaure
  6387 | D:7      | Mangled by Menkaure

Illustrated notes

Levels and vault maps discovered:
D:1:      heliophobic_arrival_ceremonial_halls, layout_rooms,
          dreamdust_princess_corridor, minmay_worlds_worst_comb
D:2:      minmay_roachtagon, layout_rooms, kennysheep_generic_room_4
D:3:      layout_basic, mainiacjoe_overflow_paths,
          hellmonk_ecumenical_altar_crossroads, uniq_ijyb
D:4:      layout_loops_corners, minmay_temple_entry_mini_moons,
          gammafunk_ghost_mausoleum, serial_park_tiny_2,
          minmay_a_box_with_orc_wizards_in_it, uniq_crazy_yiuf_cottage
D:5:      layout_loops_cross
D:6:      layout_rooms, uniq_edmund
D:7:      layout_gridville, uniq_menkaure
Temple:   regret_index_temple_waves

Skill      XL: |  1  2  3  4  5  6  7 |
---------------+----------------------+-----
Necromancy     | 5 6 7 8 |  8.9
Spellcasting   | 3 4 5 6 |  6.7
Dodging        | |  2.1
Stealth        | |  3.0

Action                   |  1- 3 |  4- 6 |  7- 9 || total
-------------------------+-------+-------+-------++-------
Melee: Unarmed           |    34 |       |       ||    34
       Bite              |     5 |     3 |     4 ||    12
       Short sword       |       |    11 |    21 ||    32
       Punch             |       |     1 |     1 ||     2
 Fire: Hunting sling     |     5 |    65 |    18 ||    88
 Cast: Pain              |    81 |    36 |    28 ||   145
       Vampiric Draining |     1 |    15 |    20 ||    36
       Animate Dead      |       |       |     2 ||     2
       Blink             |       |       |     1 ||     1
       Passwall          |       |       |     1 ||     1
 Abil: Exsanguinate      |     1 |       |       ||     1
  Use: Scroll            |     1 |       |     4 ||     5
Armor: Robe              |    20 |     7 |     5 ||    32
Dodge: Dodged            |    41 |    27 |    34 ||   102

Table legend: (Time is in decaauts)
 A = Elapsed time spent in this place.
 B = Non-inter-level travel time spent in this place.
 C = Inter-level travel time spent in this place.
 D = Time resting spent in this place.
 E = Time spent auto-exploring this place.
 F = Levels seen in this place.
 G = Mean time per level.
                   A        B        C        D        E       F      G
               +--------+--------+--------+--------+--------+-----+--------+
         Total |   6427 |   6300 |    127 |    263 |   4907 |   8 |  803.4 |
       Dungeon |   6400 |   6273 |    127 |    263 |   4902 |   7 |  914.3 |
        Temple |     26 |     26 |      0 |      0 |      5 |   1 |   26.0 |
               +--------+--------+--------+--------+--------+-----+--------+

Top non-repeatable levels by time:
     D:4: 1445 daAuts
     D:3: 1085 daAuts
     D:5: 1040 daAuts
     D:1: 924 daAuts
     D:6: 909 daAuts
     D:2: 864 daAuts
     D:7: 130 daAuts
  Temple: 26 daAuts
